 Dungeon Crawl Stone Soup version 0.25.1-2-g60ff931df9 (webtiles) character file.

Game seed: 9728341679238393896

156 Almogavar the Charmwright (level 5, -3/43 HPs)
             Began as a Gnoll Skald on Sept 4, 2020.
             Was an Initiate of Okawaru.
             Slain by a wraith (6 damage)
             ... in an ossuary.
             The game lasted 00:16:21 (3599 turns).

Almogavar the Charmwright (Gnoll Skald)             Turns: 3599, Time: 00:16:21

Health: -3/43      AC:  4    Str: 15    XL:     5   Next: 38%
Magic:  12/12      EV: 14    Int: 15    God:    Okawaru [......]
Gold:   174        SH:  0    Dex: 14    Spells: 13/14 levels left

rFire    . . .     SeeInvis .   a - +0 falchion
rCold    . . .     Gourm    .   (no shield)
rNeg     . . .     Faith    .   j - +0 leather armour
rPois    .         Spirit   .   r - +0 hat
rElec    .         Reflect  .   l - +0 cloak
rCorr    .         Harm     .   (no gloves)
MR       .....                  (no boots)
Stlth    ++........             (no amulet)
HPRegen  0.14/turn              (no ring)
MPRegen  0.13/turn              (no ring)

@: flying, slowed, very slow
A: distributed training, fangs 1, strong nose
a: Renounce Religion


You were in an ossuary.
You worshipped Okawaru.
Okawaru was noncommittal.
You were not hungry.

You visited 1 branch of the dungeon, and saw 4 of its levels.
You also visited: Ossuary.

You collected 174 gold pieces.

Inventory:

Hand Weapons
 a - a +0 falchion (weapon)
 b - a +5 hunting sling
Missiles
 g - 31 sling bullets
 i - 39 bolts
 o - 102 stones (quivered)
 q - 4 boomerangs
Armour
 j - a +0 leather armour (worn)
 l - a +0 cloak (worn)
 r - a +0 hat (worn)
Wands
 v - a wand of digging (11)
 w - a wand of iceblast (4)
Scrolls
 c - 2 scrolls of amnesia
 e - 2 scrolls of enchant weapon
 k - a scroll of remove curse {unknown}
 n - a scroll of fog
 p - 2 scrolls of teleportation {unknown}
 s - 2 scrolls of blinking {unknown}
 u - a scroll of random uselessness {unknown}
Potions
 h - 3 potions of haste
 t - a potion of magic {unknown}
 x - a potion of curing {unknown}
Comestibles
 d - 6 rations


   Skills:
 + Level 4.7 Fighting
 + Level 1.4 Short Blades
 + Level 4.7 Long Blades
 + Level 1.4 Axes
 + Level 1.4 Maces & Flails
 + Level 1.4 Polearms
 + Level 1.4 Staves
 + Level 1.4 Slings
 + Level 1.4 Bows
 + Level 1.4 Crossbows
 + Level 1.4 Throwing
 + Level 2.9 Armour
 + Level 4.7 Dodging
 + Level 1.4 Stealth
 + Level 1.4 Shields
 + Level 1.4 Unarmed Combat
 + Level 5.2 Spellcasting
 + Level 1.1 Conjurations
 + Level 1.1 Hexes
 + Level 5.5 Charms
 + Level 1.1 Summonings
 + Level 1.1 Necromancy
 + Level 1.1 Translocations
 + Level 1.1 Transmutations
 + Level 1.1 Fire Magic
 + Level 1.1 Ice Magic
 + Level 1.1 Air Magic
 + Level 1.1 Earth Magic
 + Level 1.1 Poison Magic
 + Level 1.6 Invocations
 + Level 1.4 Evocations


You had 13 spell levels left.
You knew the following spells:

 Your Spells              Type           Power        Failure   Level  Hunger
a - Infusion              Chrm           ###.         1%          1    None

Your spell library contained the following spells:

 Spells                   Type           Power        Failure   Level  Hunger
 Song of Slaying          Chrm           ###.....     3%          2    ##.....
 Shroud of Golubria       Chrm/Tloc      ##....       8%          2    ##.....
 Ozocubu's Armour         Chrm/Ice       ##......     16%         3    ###....
 Spectral Weapon          Hex/Chrm       ##......     16%         3    ###....


Dungeon Overview and Level Annotations

Branches:
Dungeon (4/15)            Ossuary (1/1)
 Temple: D:4-7

Altars:
Okawaru
Ru
Trog
Yredelemnul


Innate Abilities, Weirdness & Mutations

Your experience applies equally to all skills.
You have very sharp teeth.
Your uncanny sense of smell can sniff out nearby items.


Message History

The wraith is lightly damaged.
It was a potion of cancellation.
Your magical effects are unravelling.
You feel magically purged.
You feel yourself speed up.
You feel yourself slow down.
You are no longer magically infusing your attacks.
The wraith closely misses you.
It was a potion of flight.
You feel very buoyant.
You fly up into the air.
The wraith hits you but does no damage.
There is an open door here.
The flying skull gives a hideous shriek!
There is an open door here.
There is an open door here.
There is an open door here.
The wraith hits you!
* * * LOW HITPOINT WARNING * * *
The wraith drains your vigour!
You feel yourself slow down. The wraith hits you.
You die...

##.# #.# ##.# ##.## #.##
#..### ##...# ###...##
##.....@################
##.......W##.#.#.#.#.##..
#..........#'#'#'#'#'##.8
#..#.......'..........'..
##.##......#'#'#'#'#'##.8
#.#......##.#.#.#.#.##..
#.##....################
##.....## ##...##


You could see a wraith.

Vanquished Creatures
  A hound zombie (D:2)
  A mummy (D:4)
  3 adders
  3 adder zombies (Ossuary)
  A worm (D:3)
  2 dart slugs
  2 leopard geckos
  An orc (D:3)
  2 ball pythons (D:2)
  4 giant cockroaches
  7 goblins
  7 hobgoblins
  10 jackals
  A ball python skeleton (Ossuary)
  8 bats
  5 frilled lizards
  2 hobgoblin zombies (Ossuary)
  8 kobolds
  2 kobold zombies (Ossuary)
  An orc skeleton (Ossuary)
  An orc zombie (Ossuary)
  9 rats
81 creatures vanquished.

Notes
Turn   | Place    | Note
-------+----------+-------------------------------------------
     0 | D:1      | Almogavar the Gnoll Skald began the quest for the Orb.
     0 | D:1      | Reached XP level 1. HP: 20/20 MP: 6/6
   343 | D:1      | Reached XP level 2. HP: 26/26 MP: 7/7
  1005 | D:1      | Reached XP level 3. HP: 31/31 MP: 9/9
  1223 | D:2      | Reached skill level 5 in Spellcasting
  1246 | D:2      | Found an iron altar of Okawaru.
  1265 | D:2      | Reached skill level 1 in Invocations
  1357 | D:2      | Reached skill level 1 in Short Blades
  1357 | D:2      | Reached skill level 1 in Axes
  1357 | D:2      | Reached skill level 1 in Maces & Flails
  1357 | D:2      | Reached skill level 1 in Polearms
  1357 | D:2      | Reached skill level 1 in Staves
  1357 | D:2      | Reached skill level 1 in Slings
  1357 | D:2      | Reached skill level 1 in Bows
  1357 | D:2      | Reached skill level 1 in Crossbows
  1357 | D:2      | Reached skill level 1 in Throwing
  1357 | D:2      | Reached skill level 1 in Stealth
  1357 | D:2      | Reached skill level 1 in Shields
  1357 | D:2      | Reached skill level 1 in Unarmed Combat
  1357 | D:2      | Reached skill level 1 in Evocations
  1437 | D:2      | Became a worshipper of Warmaster Okawaru
  1465 | D:2      | Reached XP level 4. HP: 38/38 MP: 11/11
  1771 | D:2      | Found a bloodstained altar of Trog.
  1778 | D:2      | Found a basalt altar of Yredelemnul.
  1782 | D:2      | Found a sacrificial altar of Ru.
  1900 | D:2      | Reached skill level 1 in Conjurations
  1900 | D:2      | Reached skill level 1 in Hexes
  1900 | D:2      | Reached skill level 1 in Summonings
  1900 | D:2      | Reached skill level 1 in Necromancy
  1900 | D:2      | Reached skill level 1 in Translocations
  1900 | D:2      | Reached skill level 1 in Transmutations
  1900 | D:2      | Reached skill level 1 in Fire Magic
  1900 | D:2      | Reached skill level 1 in Ice Magic
  1900 | D:2      | Reached skill level 1 in Air Magic
  1900 | D:2      | Reached skill level 1 in Earth Magic
  1900 | D:2      | Reached skill level 1 in Poison Magic
  2403 | D:3      | Reached XP level 5. HP: 38/43 MP: 12/12
  3125 | D:4      | Found a sand-covered staircase.
  3239 | Ossuary  | Entered an ossuary
  3518 | Ossuary  | Noticed a wraith
  3518 | Ossuary  | Noticed a flying skull
  3524 | Ossuary  | Noticed a flying skull
  3534 | Ossuary  | Noticed a flying skull
  3538 | Ossuary  | Noticed a flying skull
  3556 | Ossuary  | Noticed a wraith
  3599 | Ossuary  | Slain by a wraith

Illustrated notes

Levels and vault maps discovered:
D:1:      dpeg_arrival_tiny_a, layout_loops_corners
D:2:      layout_basic, nicolae_overflow_crystal_walls,
          minmay_overflow_temple_star_quad, minmay_split_cup_large
D:3:      layout_loops_corners, first_ration
D:4:      layout_basic, gup_ossuary_entry_pyramid
Ossuary:  ossuary_due_cavern

Skill      XL: |  1  2  3  4 |
---------------+-------------+-----
Spellcasting   | 5 |  5.2
Invocations    | 1 |  1.6
Short Blades   | 1 |  1.4
Axes           | 1 |  1.4
Maces & Flails | 1 |  1.4
Polearms       | 1 |  1.4
Staves         | 1 |  1.4
Slings         | 1 |  1.4
Bows           | 1 |  1.4
Crossbows      | 1 |  1.4
Throwing       | 1 |  1.4
Stealth        | 1 |  1.4
Shields        | 1 |  1.4
Unarmed Combat | 1 |  1.4
Evocations     | 1 |  1.4
Conjurations   | 1 |  1.1
Hexes          | 1 |  1.1
Summonings     | 1 |  1.1
Necromancy     | 1 |  1.1
Translocations | 1 |  1.1
Transmutations | 1 |  1.1
Fire Magic     | 1 |  1.1
Ice Magic      | 1 |  1.1
Air Magic      | 1 |  1.1
Earth Magic    | 1 |  1.1
Poison Magic   | 1 |  1.1
Fighting       | |  4.7
Long Blades    | |  4.7
Armour         | |  2.9
Dodging        | |  4.7
Charms         | |  5.5

Action                   |  1- 3 |  4- 6 || total
-------------------------+-------+-------++-------
Melee: Falchion          |   109 |   132 ||   241
       Bite              |    12 |    23 ||    35
 Fire: Hunting sling     |     2 |    43 ||    45
 Cast: Infusion          |       |     1 ||     1
  Use: Scroll            |     1 |     4 ||     5
       Potion            |       |     3 ||     3
 Stab: Sleeping          |       |     3 ||     3
  Eat: Chunk             |     2 |     5 ||     7
       Ration            |       |     1 ||     1
Armor: Leather armour    |    15 |    31 ||    46
Dodge: Dodged            |    80 |   100 ||   180
       Rpst.: Falchion   |    24 |    26 ||    50
